 Dungeon Crawl Stone Soup version 0.29-a0-96-g93358da72b (webtiles) character file.

Game seed: 14673494899782431382

1180 cyrus the Chopper (level 8, -8/62 HPs)
             Began as a Formicid Fighter on Feb 11, 2022.
             Was an Initiate of Gozag.
             Mangled by an orc warrior (16 damage)
             ... in a bailey.
             The game lasted 00:19:26 (5783 turns).

cyrus the Chopper (Formicid Fighter)                Turns: 5783, Time: 00:19:27

Health: -8/62      AC: 14    Str: 21    XL:     8   Next: 69%
Magic:  8/8        EV:  8    Int: 10    God:    Gozag
Gold:   346        SH:  0    Dex: 10    Spells: 7/7 levels left

rFire   x . .      SeeInvis +   y - +7 halberd
rCold   + . .      Faith    .   (no shield)
rNeg    . . .      Spirit   .   A - +0 chain mail
rPois   .          Reflect  .   (helmet unavailable)
rElec   .          Harm     .   (no cloak)
rCorr   .          Rampage  .   (no gloves)
Will    .....                   (no boots)
Stlth   ..........              x - amulet of regeneration
HPRegen 1.00/turn               h - +4 ring of protection
MPRegen 0.11/turn               k - ring of ice

@: gold aura
A: permanent stasis, dig shafts and tunnels, antennae 3, four strong arms
a: Dig, Renounce Religion, Potion Petition, Call Merchant, Bribe Branch


You were in a bailey.
You worshipped Gozag.
Gozag was aware of your devotion.
You visited 1 branch of the dungeon, and saw 7 of its levels.
You also visited: Bailey.

You collected 695 gold pieces.
You paid 349 gold pieces to Gozag.

Inventory:

Hand Weapons
 a - a +0 war axe
 y - a +7 halberd (weapon)
 z - a +0 fustibalus
Missiles
 o - a throwing net (quivered)
Armour
 b - a +0 scale mail
 c - a +0 buckler
 j - a +0 helmet
 A - a +0 chain mail (worn)
Jewellery
 h - a +4 ring of protection (left hand)
 k - a ring of ice (right hand)
 t - a ring of wizardry
 x - an amulet of regeneration (around neck)
Wands
 d - a wand of mindburst (11)
Scrolls
 e - 4 scrolls of enchant armour {unknown}
 f - 3 scrolls of blinking {unknown}
 g - a scroll of vulnerability {unknown}
 i - 5 scrolls of teleportation {unknown}
 m - a scroll of noise {unknown}
 p - 4 scrolls of identify {unknown}
 q - a scroll of fog {unknown}
 r - a scroll of immolation {unknown}
 w - a scroll of magic mapping {unknown}
Potions
 l - 4 potions of haste {unknown}
 n - a potion of curing {unknown}
 s - 2 potions of brilliance {unknown}
 u - 2 potions of heal wounds {unknown}
 v - a potion of degeneration {unknown}


   Skills:
 + Level 5.2 Fighting
 + Level 5.9(6.3) Axes
 + Level 3.3(5.1) Polearms
 + Level 5.9 Armour
 + Level 2.0 Dodging
 + Level 1.1 Stealth
 + Level 4.7 Shields
 + Level 1.0 Evocations


You had 7 spell levels left.
You didn't know any spells.
Your spell library contained the following spells:

 Spells                   Type           Power      Damage    Failure   Level
 Slow                     Hex            0%         N/A       97%         1
 Ensorcelled Hibernation  Hex/Ice        0%         N/A       99%         2
 Passwall                 Tmut/Erth      0%         N/A       99%         2
 Call Canine Familiar     Summ           0%         N/A       100%        3
 Confusing Touch          Hex            0%         N/A       100%        3
 Portal Projectile        Hex/Tloc       0%         N/A       100%        3
 Vampiric Draining        Necr           0%         2d6       100%        3
 Leda's Liquefaction      Hex/Erth       0%         N/A       100%        4
 Swiftness                Air            Unusable   N/A       N/A         3

Dungeon Overview and Level Annotations

Branches:
Dungeon (9/15)             Bailey (1/1)
 Temple: D:4-7         Lair: D:8-11         Orc: D:9-12

Altars:
Cheibriados
Dithmenos
Fedhas
Gozag
Kikubaaqudgha
Sif Muna
Trog
Wu Jian


Innate Abilities, Weirdness & Mutations

You cannot be hasted, slowed, berserked, paralysed or teleported.
You can dig through walls and to a lower floor.
You have a pair of large antennae on your head. (SInv)
Your four strong arms can wield two-handed weapons with a shield.


Message History

* * * LOW HITPOINT WARNING * * *
The gnoll hits you but does no damage.
Aiming: Mindburst
Press: ? - help, Q - select action, (/) - cycle Shift-Dir - straight line, f - orc warrior
Aim: an orc warrior, wielding a +0 war axe and wearing a +0 scale mail (chance to affect: 69%)
The orc warrior struggles to resist.
The orc warrior hits you with a +0 war axe.
* * * LOW HITPOINT WARNING * * *
The goblin hits you but does no damage. The gnoll hits you but does no damage.
You slice the gnoll!!
You kill the gnoll!
The orc warrior closely misses you. The goblin barely misses you.
You barely miss the orc warrior.
The orc warrior hits you but does no damage.
The goblin completely misses you.
You hit the orc warrior.
The orc warrior is moderately wounded.
The orc warrior hits you but does no damage.
The goblin closely misses you.
The orc warrior hits you with a +0 war axe.
* * * LOW HITPOINT WARNING * * *
The goblin barely misses you.
You closely miss the orc warrior.
The orc warrior is moderately wounded.
The orc warrior barely misses you. The goblin barely misses you.
The orc warrior hits you with a +0 war axe!
* * * LOW HITPOINT WARNING * * *
The goblin hits you but does no damage.
You closely miss the goblin.
The orc warrior hits you with a +0 war axe.
* * * LOW HITPOINT WARNING * * *
The goblin barely misses you.
Unknown command.
You hit the goblin.
You kill the goblin!
The orc warrior hits you with a +0 war axe.
* * * LOW HITPOINT WARNING * * *
The orc warrior hits you with a +0 war axe!
You die...
Your body crumbles into a pile of gold.

#≈≈≈≈≈# #≈≈≈≈≈#
#≈≈≈≈≈### #≈≈≈≈≈≈.#
######.≈≈≈≈≈.#
#......≈≈≈≈≈.#++####
###......≈≈≈≈≈.#.....#
#...........@o.$.....#
#∩..∩..........'$.⌠..#
#..............'.....#
###......≈≈≈≈≈.#.....#
#......≈≈≈≈≈.#++####
######.≈≈≈≈≈.#
#≈≈≈≈≈≈.# #≈≈≈≈≈###
#≈≈≈≈≈#


You could see an orc warrior.

Vanquished Creatures
  Eustachio (D:6)
  A water moccasin (D:5)
  2 black bears
  An orc warrior (Bailey)
  A boggart (D:5)
  An ogre (D:4)
  A scorpion (D:5)
  A wyvern skeleton (D:6)
  A centaur zombie (D:3)
  3 orc priests
  An iguana (D:4)
  An orc wizard (D:5)
  3 adders
  2 gnolls
  A howler monkey skeleton (D:6)
  A river rat (D:5)
  A white imp (D:6)
  An ufetubus (D:5)
  3 adder skeletons (D:4)
  A worm (D:2)
  A dart slug (D:1)
  16 orcs
  6 endoplasms
  2 giant cockroaches (D:3)
  12 goblins
  9 hobgoblins
  6 jackals (D:5)
  4 quokkas
  5 ball pythons
  6 bats
  8 frilled lizards
  10 kobolds
  5 rats
118 creatures vanquished.

Notes
Turn   | Place    | Note
-------+----------+-------------------------------------------
     0 | D:1      | cyrus the Formicid Fighter began the quest for the Orb.
     0 | D:1      | Reached XP level 1. HP: 18/18 MP: 1/1
    68 | D:1      | Reached XP level 2. HP: 23/24 MP: 2/2
   468 | D:1      | Reached XP level 3. HP: 30/30 MP: 3/3
  1503 | D:2      | Reached XP level 4. HP: 32/37 MP: 4/4
  1940 | D:3      | Found an opulent altar of Gozag.
  2000 | D:3      | Became a worshipper of Gozag Ym Sagoz the Greedy
  2033 | D:3      | Reached XP level 5. HP: 33/42 MP: 5/5
  2126 | D:3      | Found a bloodstained altar of Trog.
  2134 | D:3      | Found a shadowy altar of Dithmenos.
  2711 | D:4      | Noticed an ogre
  2719 | D:4      | Killed an ogre
  2720 | D:4      | Reached skill level 1 in Dodging
  2720 | D:4      | Reached XP level 6. HP: 22/48 MP: 6/6
  3467 | D:4      | Noticed a black bear
  3474 | D:4      | Killed a black bear
  3982 | D:4      | Found an ancient bone altar of Kikubaaqudgha.
  4023 | D:5      | Entered Level 5 of the Dungeon
  4042 | D:5      | Found a shimmering blue altar of Sif Muna.
  4049 | D:5      | Found a snail-covered altar of Cheibriados.
  4064 | D:5      | Found a blossoming altar of Fedhas.
  4110 | D:5      | Noticed Dowan
  4110 | D:5      | Noticed Duvessa
  4111 | D:5      | Noticed Dowan
  4111 | D:5      | Dowan changed into Dowan the bat
  4123 | D:5      | Killed Dowan the bat
  4125 | D:5      | Noticed Duvessa
  4125 | D:5      | Duvessa changed into Duvessa the water moccasin
  4132 | D:5      | Killed Duvessa the water moccasin
  4133 | D:5      | Reached skill level 5 in Axes
  4133 | D:5      | Reached XP level 7. HP: 34/55 MP: 7/7
  4375 | D:5      | Reached skill level 5 in Armour
  4548 | D:5      | Found an ornate altar of the Wu Jian Council.
  4830 | D:5      | Reached XP level 8. HP: 61/61 MP: 8/8
  5182 | D:6      | Reached skill level 1 in Polearms
  5182 | D:6      | Reached skill level 1 in Evocations
  5188 | D:6      | Reached skill level 5 in Fighting
  5188 | D:6      | Reached skill level 1 in Stealth
  5318 | D:6      | Noticed Eustachio
  5342 | D:6      | Killed Eustachio
  5710 | D:6      | You fall into a shaft and drop 3 floors!
  5710 | D:9      | Found a flagged portal.
  5746 | Bailey   | Entered a bailey
  5783 | Bailey   | Mangled by an orc warrior

Illustrated notes

Levels and vault maps discovered:
D:1:      denvon_arrival_waterhouse, layout_loops_ring
D:2:      layout_loops_corners
D:3:      layout_basic, nicolae_gozag_seed_capital,
          mainiacjoe_overflow_catwalk_spiral
D:4:      layout_basic, nicolae_overflow_crystal_walls, grunt_ministairs_13
D:5:      layout_loops_ring, kennysheep_little_box,
          mainiacjoe_overflow_large_starburst, mainiacjoe_overflow_tiny_flanked,
          uniq_duvessa
D:6:      layout_basic, corexii_checkpoint_b, minmay_misc_feat_tower,
          chequers_mini_garden, uniq_eustachio
D:9:      layout_rooms, ploomutoo_gammafunk_ghost_potion_laboratory,
          enter_bailey_5, minmay_misc_feat_square
Bailey:   bailey_axe_of_yendor_kennysheep, bailey

Skill      XL: |  1  2  3  4  5  6  7  8 |
---------------+-------------------------+-----
Shields        | 4 |  4.7
Axes           | 3 4 5 |  5.9
Fighting       | 4 5 |  5.2
Armour         | 4 5 |  5.9
Dodging        | 1 2 |  2.0
Polearms       | 3 |  3.3
Evocations     | 1 |  1.0
Stealth        | 1 |  1.1

Action                   |  1- 3 |  4- 6 |  7- 9 || total
-------------------------+-------+-------+-------++-------
Melee: War axe           |   114 |   125 |    62 ||   301
       Halberd           |       |       |    73 ||    73
       Punch             |       |       |     2 ||     2
Throw: Throwing net      |       |       |     1 ||     1
Invok: Potion Petition   |       |       |     1 ||     1
Evoke: Wand              |       |     3 |     7 ||    10
  Use: Potion            |       |     2 |     1 ||     3
 Stab: Distracted        |       |       |     1 ||     1
Armor: Scale mail        |    54 |    84 |    77 ||   215
       Chain mail        |       |       |    71 ||    71
Dodge: Dodged            |    57 |    63 |   120 ||   240
Block: Buckler           |    32 |    20 |    19 ||    71

Table legend: (Time is in decaauts)
 A = Elapsed time spent in this place.
 B = Non-inter-level travel time spent in this place.
 C = Inter-level travel time spent in this place.
 D = Time resting spent in this place.
 E = Time spent auto-exploring this place.
 F = Levels seen in this place.
 G = Mean time per level.
                   A        B        C        D        E       F      G
               +--------+--------+--------+--------+--------+-----+--------+
         Total |   5913 |   5900 |     13 |   1049 |   3286 |   8 |  739.1 |
       Dungeon |   5873 |   5860 |     13 |   1049 |   3286 |   7 |  839.0 |
        Bailey |     40 |     40 |      0 |      0 |      0 |   1 |   40.0 |
               +--------+--------+--------+--------+--------+-----+--------+

Top non-repeatable levels by time:
     D:4: 1354 daAuts
     D:5: 1128 daAuts
     D:3: 994 daAuts
     D:2: 953 daAuts
     D:1: 809 daAuts
     D:6: 593 daAuts
  Bailey: 40 daAuts
     D:9: 39 daAuts
